MLB
MINNESOTA TWINS @ DETROIT TIGERS
05/14/2020
 
TOP OF THE 1ST
Minnesota Twins batting - Pitching for Detroit Tigers : LHP Matthew Boyd
Pitching: LHP Matthew Boyd
Batting: LHB Luis Arraez 0-0: Foul Ball, location: 2F
0-1: Ball
1-1: Ball
2-1: Foul Ball, location: 2F
2-2: Strikes out swinging
Batting: SHB Jorge Polanco 0-0: Foul Ball, location: 2F
0-1: Ball
1-1: Called Strike
1-2: Fly out, F8 (Flyball, 8LD, EV 93.1 MPH)
Batting: RHB Nelson Cruz 0-0: Called Strike
0-1: Foul Ball, location: 2F
0-2: Foul Ball, location: 2F
0-2: Strikes out swinging
Top of the 1st over - 0 runs, 0 hits, 0 errors, 0 left on base; Minnesota 0 - Detroit 0
BOTTOM OF THE 1ST
Detroit Tigers batting - Pitching for Minnesota Twins : RHP Homer Bailey
Pitching: RHP Homer Bailey
Batting: RHB Cameron Maybin 0-0: Swinging Strike
0-1: SOLO HOME RUN (Flyball, 7LD, EV 100.6 MPH), Distance : 392 ft
Batting: LHB Denard Span 0-0: Called Strike
0-1: Ball
1-1: Ball
2-1: Swinging Strike
2-2: Ground out U3 (Groundball, 34S, EV 85.0 MPH)
Batting: RHB Jonathan Schoop 0-0: Ball
1-0: Called Strike
1-1: Ball
2-1: Swinging Strike
2-2: Ball
3-2: Strikes out swinging
Batting: RHB C.J. Cron 0-0: Called Strike
0-1: Called Strike
0-2: Ball
1-2: Ball
2-2: Ground out 5-3 (Groundball, 5, EV 103.8 MPH)
Bottom of the 1st over - 1 run, 1 hit, 0 errors, 0 left on base; Minnesota 0 - Detroit 1
TOP OF THE 2ND
Minnesota Twins batting - Pitching for Detroit Tigers : LHP Matthew Boyd
Batting: RHB Miguel Sano 0-0: Called Strike
0-1: Called Strike
0-2: Ball
1-2: Ball
2-2: Strikes out swinging
Batting: LHB Max Kepler 0-0: SINGLE (Line Drive, 4D, EV 95.6 MPH)
Batting: RHB Mitch Garver 0-0: Swinging Strike
0-1: Foul Ball, location: 2F
0-2: Ball
1-2: DOUBLE (Line Drive, 8RXD, EV 104.4 MPH)
Max Kepler to third
Batting: LHB Jake Cave 0-0: Foul Ball, location: 2F
0-1: Ball
1-1: Foul Ball, location: 2F
1-2: Foul Ball, location: 2F
1-2: Ball
2-2: Foul Ball, location: 2F
2-2: Fly out, F5 (Popup, 5DF, EV 66.3 MPH)
Batting: SHB Marwin Gonzalez 0-0: Foul Ball, location: 2F
0-1: Ball
1-1: Ball
2-1: Ball
3-1: Called Strike
3-2: DOUBLE (Groundball, 5L, EV 95.0 MPH)
Max Kepler scores
Mitch Garver scores
Batting: SHB Ehire Adrianza 0-0: Ball
1-0: Ball
2-0: SINGLE (Flyball, 9S, EV 89.4 MPH)
Marwin Gonzalez to third
Runner from 3rd tries for Home, SAFE, throw by RF to home
Ehire Adrianza to second
Batting: LHB Luis Arraez 0-0: Called Strike
0-1: Swinging Strike
0-2: Foul Ball, location: 2F
0-2: Ball
1-2: Foul Ball, location: 2F
1-2: Strikes out swinging
Top of the 2nd over - 3 runs, 4 hits, 0 errors, 1 left on base; Minnesota 3 - Detroit 1
BOTTOM OF THE 2ND
Detroit Tigers batting - Pitching for Minnesota Twins : RHP Homer Bailey
Batting: SHB Jeimer Candelario 0-0: Called Strike
0-1: Ball
1-1: Ball
2-1: Ball
3-1: Foul Ball, location: 2F
3-2: Foul Ball, location: 2F
3-2: Base on Balls
Batting: RHB Austin Romine 0-0: Called Strike
0-1: Ball
1-1: Foul Ball, location: 2F
1-2: Ball
2-2: Foul Ball, location: 2F
2-2: Strikes out swinging
Batting: SHB Victor Reyes 0-0: Foul Ball, location: 2F
0-1: Ball
1-1: DOUBLE (Line Drive, 89XD, EV 101.9 MPH)
Jeimer Candelario to third
Batting: RHB Miguel Cabrera 0-0: Ground out 5-3 (Groundball, 56S, EV 61.9 MPH)
Jeimer Candelario scores
Victor Reyes to third
Batting: RHB Jordy Mercer 0-0: Called Strike
0-1: Foul Ball, location: 2F
0-2: DOUBLE (Flyball, 78D, EV 103.8 MPH)
Victor Reyes scores
Batting: RHB Cameron Maybin 0-0: SINGLE (Groundball, 4MD, EV 103.1 MPH) (infield hit)
Jordy Mercer to third
Pinch Runner at 1st JaCoby Jones:
Batting: LHB Denard Span 0-0: Called Strike
0-1: Ball
1-1: Swinging Strike
1-2: Strikes out swinging
Bottom of the 2nd over - 2 runs, 3 hits, 0 errors, 2 left on base; Minnesota 3 - Detroit 3
TOP OF THE 3RD
Minnesota Twins batting - Pitching for Detroit Tigers : LHP Matthew Boyd
Now in RF: Niko Goodrum
Batting: SHB Jorge Polanco 0-0: Foul Ball, location: 2F
0-1: Ball
1-1: Fly out, F9 (Flyball, 9, EV 92.5 MPH)
Batting: RHB Nelson Cruz 0-0: Foul Ball, location: 2F
0-1: Ball
1-1: Foul Ball, location: 2F
1-2: Foul Ball, location: 2F
1-2: Ball
2-2: SINGLE (Groundball, 6MD, EV 101.9 MPH)
Batting: RHB Miguel Sano 0-0: Swinging Strike
0-1: Swinging Strike
0-2: Foul Ball, location: 2F
0-2: Ball
1-2: Strikes out swinging
Batting: LHB Max Kepler 0-0: Called Strike
0-1: Fly out, F7 (Line Drive, 8LM, EV 91.9 MPH)
Top of the 3rd over - 0 runs, 1 hit, 0 errors, 1 left on base; Minnesota 3 - Detroit 3
BOTTOM OF THE 3RD
Detroit Tigers batting - Pitching for Minnesota Twins : RHP Homer Bailey
Batting: RHB Jonathan Schoop 0-0: Ball
1-0: Ground out 6-3 (Groundball, 6, EV 101.3 MPH)
Batting: RHB C.J. Cron 0-0: Ball
1-0: Called Strike
1-1: Called Strike
1-2: Ball
2-2: Foul Ball, location: 2F
2-2: SINGLE (Line Drive, 78S, EV 89.4 MPH)
Batting: SHB Jeimer Candelario 0-0: Ball
1-0: Ball
2-0: Fly out, F3 (Popup, 23F, EV 90.0 MPH)
Batting: RHB Austin Romine 0-0: SINGLE (Line Drive, 8LM, EV 96.3 MPH)
C.J. Cron to second
Batting: SHB Victor Reyes 0-0: Called Strike
0-1: Foul Ball, location: 2F
0-2: Ball
1-2: Strikes out swinging
Bottom of the 3rd over - 0 runs, 2 hits, 0 errors, 2 left on base; Minnesota 3 - Detroit 3
TOP OF THE 4TH
Minnesota Twins batting - Pitching for Detroit Tigers : LHP Matthew Boyd
Batting: RHB Mitch Garver 0-0: Called Strike
0-1: Foul Ball, location: 2F
0-2: Foul Ball, location: 2F
0-2: Foul Ball, location: 2F
0-2: Strikes out swinging
Batting: LHB Jake Cave 0-0: Ground out U3 (Groundball, 3L, EV 90.0 MPH)
Batting: SHB Marwin Gonzalez 0-0: Foul Ball, location: 2F
0-1: Ball
1-1: DOUBLE (Flyball, 8LXD, EV 97.5 MPH)
Batting: SHB Ehire Adrianza 0-0: Ball
1-0: Ball
2-0: Foul Ball, location: 2F
2-1: Ball
3-1: Foul Ball, location: 2F
3-2: Fly out, F8 (Flyball, 78D, EV 100.6 MPH)
Top of the 4th over - 0 runs, 1 hit, 0 errors, 1 left on base; Minnesota 3 - Detroit 3
BOTTOM OF THE 4TH
Detroit Tigers batting - Pitching for Minnesota Twins : RHP Homer Bailey
Batting: RHB Miguel Cabrera 0-0: Ball
1-0: Foul Ball, location: 2F
1-1: SINGLE (Groundball, 34D, EV 100.6 MPH)
Batting: RHB Jordy Mercer 0-0: Ball
1-0: Foul Ball, location: 2F
1-1: 2-RUN HOME RUN (Flyball, 7D, EV 109.4 MPH), Distance : 405 ft
Pitching: RHP Matt Wisler
Batting: SHB Niko Goodrum 0-0: Foul Ball, location: 2F
0-1: Ball
1-1: Ball
2-1: Foul Ball, location: 2F
2-2: Foul Ball, location: 2F
2-2: Ball
3-2: Foul Ball, location: 2F
3-2: Foul Ball, location: 2F
3-2: Strikes out swinging
Batting: LHB Denard Span 0-0: Called Strike
0-1: Foul Ball, location: 2F
0-2: Ball
1-2: Foul Ball, location: 2F
1-2: Ball
2-2: Ball
3-2: Foul Ball, location: 2F
3-2: Base on Balls
Batting: RHB Jonathan Schoop 0-0: Called Strike
0-1: Swinging Strike
0-2: Ball
1-2: Strikes out swinging
Batting: RHB C.J. Cron 0-0: Called Strike
0-1: Fielders Choice at 2nd, 6-4 (Groundball, 6, EV 84.4 MPH)
Bottom of the 4th over - 2 runs, 2 hits, 0 errors, 1 left on base; Minnesota 3 - Detroit 5
TOP OF THE 5TH
Minnesota Twins batting - Pitching for Detroit Tigers : LHP Matthew Boyd
Batting: LHB Luis Arraez 0-0: Called Strike
0-1: Swinging Strike
0-2: Ball
1-2: SINGLE (Flyball, 8LS, EV 91.9 MPH)
Batting: SHB Jorge Polanco 0-0: Ball
1-0: Sac Bunt to 5S - play at first, batter OUT! 5-3
Luis Arraez to second
Batting: RHB Nelson Cruz 0-0: Ball
1-0: Foul Ball, location: 2F
1-1: Ball
2-1: Foul Ball, location: 2F
2-2: 2-RUN HOME RUN (Flyball, 7D, EV 103.1 MPH), Distance : 440 ft
Pitching: LHP Tyler Alexander
Batting: RHB Miguel Sano 0-0: Ball
1-0: Called Strike
1-1: Ball
2-1: Swinging Strike
2-2: Strikes out looking
Batting: LHB Max Kepler 0-0: Called Strike
0-1: Ball
1-1: Swinging Strike
1-2: Ball
2-2: Strikes out swinging
Top of the 5th over - 2 runs, 2 hits, 0 errors, 0 left on base; Minnesota 5 - Detroit 5
BOTTOM OF THE 5TH
Detroit Tigers batting - Pitching for Minnesota Twins : RHP Matt Wisler
Batting: SHB Jeimer Candelario 0-0: Ball
1-0: Swinging Strike
1-1: Ball
2-1: Foul Ball, location: 2F
2-2: Ball
3-2: SINGLE (Line Drive, 4MD, EV 95.6 MPH)
Batting: RHB Austin Romine 0-0: Ball
1-0: Ball
2-0: Swinging Strike
2-1: Reached on error, E5 (Groundball, 56S, EV 78.8 MPH)
Jeimer Candelario to second
Batting: SHB Victor Reyes 0-0: Called Strike
0-1: Swinging Strike
0-2: Ball
1-2: Ball
2-2: Strikes out swinging
Batting: RHB Miguel Cabrera 0-0: Ball
1-0: Ball
2-0: Called Strike
2-1: Called Strike
2-2: Grounds into double play, 5-4-3 (Groundball, 56, EV 90.6 MPH)
Bottom of the 5th over - 0 runs, 1 hit, 1 error, 1 left on base; Minnesota 5 - Detroit 5
TOP OF THE 6TH
Minnesota Twins batting - Pitching for Detroit Tigers : LHP Tyler Alexander
Batting: RHB Mitch Garver 0-0: Swinging Strike
0-1: Foul Ball, location: 2F
0-2: Foul Ball, location: 2F
0-2: Ball
1-2: Ball
2-2: Strikes out swinging
Batting: LHB Jake Cave 0-0: Swinging Strike
0-1: Foul Ball, location: 2F
0-2: Ball
1-2: Foul Ball, location: 2F
1-2: Ball
2-2: Strikes out swinging
Batting: SHB Marwin Gonzalez 0-0: Ball
1-0: Foul Ball, location: 2F
1-1: Called Strike
1-2: Strikes out swinging
Top of the 6th over - 0 runs, 0 hits, 0 errors, 0 left on base; Minnesota 5 - Detroit 5
BOTTOM OF THE 6TH
Detroit Tigers batting - Pitching for Minnesota Twins : RHP Matt Wisler
Pitching: RHP Trevor May
Batting: RHB Jordy Mercer 0-0: Ball
1-0: Ball
2-0: Swinging Strike
2-1: Called Strike
2-2: SINGLE (Groundball, 5D, EV 97.5 MPH)
Pitching: RHP Addison Reed
Batting: SHB Niko Goodrum 0-0: Ball
1-0: Ball
2-0: Foul Ball, location: 2F
2-1: Foul Ball, location: 2F
2-2: Foul Ball, location: 2F
2-2: Ground out U3 (Groundball, 3S, EV 86.3 MPH)
Jordy Mercer to second
Batting: LHB Denard Span 0-0: Ball
1-0: Foul Ball, location: 2F
1-1: Fly out, F7 (Line Drive, 7D, EV 108.8 MPH)
Batting: RHB Jonathan Schoop 0-0: Ball
1-0: Called Strike
1-1: Swinging Strike
1-2: Fly out, F7 (Line Drive, 7, EV 103.1 MPH)
Bottom of the 6th over - 0 runs, 1 hit, 0 errors, 1 left on base; Minnesota 5 - Detroit 5
TOP OF THE 7TH
Minnesota Twins batting - Pitching for Detroit Tigers : LHP Tyler Alexander
Batting: SHB Ehire Adrianza 0-0: Ball
1-0: Foul Ball, location: 2F
1-1: Called Strike
1-2: Foul Ball, location: 2F
1-2: Ground out 4-3 (Groundball, 4S, EV 71.3 MPH)
Batting: LHB Luis Arraez 0-0: Called Strike
0-1: Ball
1-1: Ball
2-1: Called Strike
2-2: Ground out 1-3 (Groundball, P, EV 73.1 MPH)
Batting: SHB Jorge Polanco 0-0: SINGLE (Line Drive, 7S, EV 91.9 MPH)
Batting: RHB Nelson Cruz 0-0: Called Strike
0-1: Swinging Strike
0-2: Ball
Wild Pitch!
Jorge Polanco to second
1-2: Ball
2-2: SINGLE (Groundball, 6MD, EV 94.4 MPH)
Jorge Polanco to third
Runner from 3rd tries for Home, SAFE, throw by CF to home
Batting: RHB Miguel Sano 0-0: Called Strike
0-1: Swinging Strike
0-2: Strikes out looking
Top of the 7th over - 1 run, 2 hits, 0 errors, 1 left on base; Minnesota 6 - Detroit 5
BOTTOM OF THE 7TH
Detroit Tigers batting - Pitching for Minnesota Twins : RHP Addison Reed
Batting: RHB C.J. Cron 0-0: Called Strike
0-1: Ball
1-1: Fly out, F9 (Line Drive, 9, EV 111.3 MPH)
Batting: SHB Jeimer Candelario 0-0: Called Strike
0-1: Ball
1-1: Ball
2-1: Fly out, F9 (Flyball, 9D, EV 97.5 MPH)
Batting: RHB Austin Romine 0-0: Called Strike
0-1: Ground out 6-3 (Groundball, 6, EV 108.8 MPH)
Bottom of the 7th over - 0 runs, 0 hits, 0 errors, 0 left on base; Minnesota 6 - Detroit 5
TOP OF THE 8TH
Minnesota Twins batting - Pitching for Detroit Tigers : LHP Tyler Alexander
Batting: LHB Max Kepler 0-0: Ball
1-0: Ball
2-0: Called Strike
2-1: Swinging Strike
2-2: Ball
3-2: Strikes out swinging
Batting: RHB Mitch Garver 0-0: Swinging Strike
0-1: Ball
1-1: SINGLE (Line Drive, 6D, EV 105.6 MPH)
Pitching: RHP Ivan Nova
Batting: LHB Jake Cave 0-0: Called Strike
0-1: Ball
1-1: Foul Ball, location: 2F
1-2: Ball
2-2: Foul Ball, location: 2F
2-2: Ball
3-2: Hit by Pitch
Mitch Garver to second
Pinch Runner at 1st Hanley Ramirez:
Batting: SHB Marwin Gonzalez 0-0: Ball
1-0: Called Strike
1-1: Ball
2-1: Swinging Strike
2-2: Foul Ball, location: 2F
2-2: Strikes out looking
Batting: SHB Ehire Adrianza 0-0: Called Strike
0-1: Called Strike
0-2: Foul Ball, location: 2F
0-2: Ball
1-2: Ball
2-2: Strikes out swinging
Top of the 8th over - 0 runs, 1 hit, 0 errors, 2 left on base; Minnesota 6 - Detroit 5
BOTTOM OF THE 8TH
Detroit Tigers batting - Pitching for Minnesota Twins : RHP Addison Reed
Now in CF: Hanley Ramirez
Batting: SHB Victor Reyes 0-0: Ball
1-0: Called Strike
1-1: Ball
2-1: Ball
3-1: Fly out, F8 (Flyball, 89D, EV 103.1 MPH)
Pitching: RHP Tyler Duffey
Batting: RHB Miguel Cabrera 0-0: Ball
1-0: Ball
2-0: Ball
3-0: Called Strike
3-1: Foul Ball, location: 2F
3-2: Ground out 5-3 (Groundball, 5, EV 83.1 MPH)
Batting: RHB Jordy Mercer 0-0: Foul Ball, location: 2F
0-1: Ground out 6-3 (Groundball, 6, EV 102.5 MPH)
Bottom of the 8th over - 0 runs, 0 hits, 0 errors, 0 left on base; Minnesota 6 - Detroit 5
TOP OF THE 9TH
Minnesota Twins batting - Pitching for Detroit Tigers : RHP Ivan Nova
Batting: LHB Luis Arraez 0-0: Ball
1-0: Ground out 1-3 (Groundball, P, EV 67.5 MPH)
Batting: SHB Jorge Polanco 0-0: Called Strike
0-1: Ball
1-1: Foul Ball, location: 2F
1-2: Strikes out looking
Batting: RHB Nelson Cruz 0-0: Ball
1-0: Called Strike
1-1: Ball
2-1: Ball
3-1: Foul Ball, location: 2F
3-2: Foul Ball, location: 2F
3-2: Base on Balls
Pitching: RHP Williams Perez
Batting: RHB Miguel Sano 0-0: Called Strike
0-1: Ball
1-1: Swinging Strike
1-2: Fielders Choice at 2nd, 6-4 (Groundball, 6, EV 87.5 MPH)
Top of the 9th over - 0 runs, 0 hits, 0 errors, 1 left on base; Minnesota 6 - Detroit 5
BOTTOM OF THE 9TH
Detroit Tigers batting - Pitching for Minnesota Twins : RHP Tyler Duffey
Pitching: LHP Taylor Rogers
Batting: SHB Niko Goodrum 0-0: Ball
1-0: Called Strike
1-1: Ball
2-1: Ball
3-1: Ground out 6-3 (Groundball, 56S, EV 73.1 MPH)
Batting: LHB Denard Span 0-0: Called Strike
0-1: Called Strike
0-2: Ball
1-2: Ground out 6-3 (Groundball, 6, EV 94.4 MPH)
Batting: RHB Jonathan Schoop 0-0: Foul Ball, location: 2F
0-1: Foul Ball, location: 2F
0-2: Strikes out swinging
Bottom of the 9th over - 0 runs, 0 hits, 0 errors, 0 left on base; Minnesota 6 - Detroit 5
Wednesday, May 20th, 2020 - OOTP Baseball 21.3 Build 48